 Dungeon Crawl Stone Soup version 0.26-a0-631-ged93497179 (webtiles) character file.

Game seed: 13789674822428945788

21 IcyTea the Sneak (level 2, -3/26 HPs)
             Began as a Minotaur Delver on Sept 12, 2020.
             Slain by a bullfrog (4 damage)
             ... on level 6 of the Dungeon.
             The game lasted 00:02:15 (175 turns).

IcyTea the Sneak (Minotaur Delver)                   Turns: 175, Time: 00:02:15

Health: -3/26      AC:  9    Str: 16    XL:     2   Next: 62%
Magic:  1/1        EV:  7    Int:  7    God:
Gold:   0          SH:  0    Dex: 11    Spells: 1/1 levels left

rFire    . . .     SeeInvis .   a - +0 whip (freeze)
rCold    . . .     Faith    .   (no shield)
rNeg     . . .     Spirit   .   l - +0 chain mail
rPois    .         Reflect  .   (helmet restricted)
rElec    .         Harm     .   b - +0 cloak
rCorr    .         Rampage  .   (no gloves)
MR       .....                  (no boots)
Stlth    ..........             (no amulet)
HPRegen  0.08/turn              (no ring)
MPRegen  0.07/turn              (no ring)

@: lethally poisoned (-3 -> -6), flying
A: retaliatory headbutt, horns 2
a: no special abilities


You were on level 6 of the Dungeon.
You visited 1 branch of the dungeon, and saw 3 of its levels.

Inventory:

Hand Weapons
 a - a +0 whip of freezing (weapon)
 j - a +0 mace
Armour
 b - a +0 cloak (worn)
 l - a +0 chain mail (worn)
Wands
 g - a wand of digging (3)
Scrolls
 c - a scroll of fog
 d - a scroll of magic mapping
 e - a scroll of fear
Potions
 f - a potion of haste


   Skills:
 - Level 3.6 Fighting
 + Level 4.0 Maces & Flails
 - Level 2.1 Dodging
 - Level 4.1 Stealth


You had one spell level left.
You didn't know any spells.
Your spell library was empty.

Dungeon Overview and Level Annotations

Branches:
Dungeon (5/15)
 Temple: D:4-7

Altars:


Innate Abilities, Weirdness & Mutations

You reflexively headbutt those who attack you in melee.
You have a pair of horns on your head.


Message History

You are sucked into a shaft and drop 2 floors!
The shaft crumbles and collapses.
Your summoned ally is left behind.
A hound comes into view.
The hound barks!
A bullfrog comes into view.
The bullfrog croaks.
A worker ant comes into view.
The worker ant twitches its antennae in your direction.
You hear a shout!
Found a battleaxe and a scroll labeled XIOH OSKOMNE.
A centaur skeleton comes into view.
A quokka zombie comes into view.
A centaur comes into view.
* * * LOW HITPOINT WARNING * * *
You feel sick.
The centaur wields a +0 shortbow.
The centaur shoots an arrow.
The arrow hits you but does no damage.
Found a scroll of magic mapping.
You see here an arrow.
The centaur shoots an arrow.
The arrow hits you but does no damage. The bullfrog hits you.
You die...

### ...# .. ...#
##.##...# ####
###....#..####....
............h..h..
#.#..c....#..#..#
.......#Z###a..##
#.#....@F.#..#
....#.?##Z...# #
#.. ##.#.#
#.............
#.##..#.)#..#. #.
#.###?.. ## .. ...
..#.. ..###.
....... ## ###.##.


You could see a bullfrog, a centaur, a hound, a worker ant, a quokka zombie and
a centaur skeleton.

Vanquished Creatures
  2 adders (D:4)
  An orc (D:4)
3 creatures vanquished.

Notes
Turn   | Place    | Note
-------+----------+-------------------------------------------
     0 | D:5      | IcyTea the Minotaur Delver began the quest for the Orb.
     0 | D:5      | Reached XP level 1. HP: 19/19 MP: 0/0
    59 | D:4      | Noticed an iguana
    59 | D:4      | Noticed a scorpion
   130 | D:5      | Noticed a jelly
   149 | D:5      | Noticed a worker ant
   158 | D:4      | Reached XP level 2. HP: 22/26 MP: 1/1
   172 | D:4      | You are sucked into a shaft and drop 2 floors!
   172 | D:6      | Noticed a bullfrog
   173 | D:6      | Noticed a centaur
   174 | D:6      | HP: 1/26 [poisoned by an adder]
   175 | D:6      | Slain by a bullfrog

Illustrated notes

Levels and vault maps discovered:
D:4:      minmay_chambers_of_twos, layout_basic, dancing_weapons_uskayaw,
          minmay_temple_entry_fiery
D:5:      layout_rooms, lightli_church_of_beogh, uniq_edmund
D:6:      layout_loops_ring, gammafunk_temple_overflow_pools,
          biasface_ghost_orc_armoury, serial_glass, glass_columns_a,
          glass_columns_a, minmay_strange_pillars, item_on_display_a,
          minmay_strange_pillars, elyvilon_altar_5, uniq_duvessa

Skill      XL: |  1  2 |
---------------+-------+-----
Maces & Flails | 3 4 |  4.0
Fighting       | |  3.6
Dodging        | |  2.1
Stealth        | |  4.1

Action                   || total
-------------------------++-------
Melee: Whip              ||    14
       Headbutt          ||     1
  Use: Scroll            ||     2
       Potion            ||     1
Armor: Chain mail        ||    13
Dodge: Dodged            ||     6

Table legend: (Time is in decaauts)
 A = Elapsed time spent in this place.
 B = Non-inter-level travel time spent in this place.
 C = Inter-level travel time spent in this place.
 D = Time resting spent in this place.
 E = Time spent auto-exploring this place.
 F = Levels seen in this place.
 G = Mean time per level.
                   A        B        C        D        E       F      G
               +--------+--------+--------+--------+--------+-----+--------+
         Total |    174 |    174 |      0 |      0 |      0 |   3 |   58.0 |
       Dungeon |    174 |    174 |      0 |      0 |      0 |   3 |   58.0 |
               +--------+--------+--------+--------+--------+-----+--------+

Top non-repeatable levels by time:
     D:5: 153 daAuts
     D:4: 18 daAuts
     D:6: 2 daAuts
